 Dungeon Crawl Stone Soup version 0.22-a0-430-g6609fc6 (webtiles) character file.

46 inmateoo the Skirmisher (level 3, 0/30 HPs)
             Began as a Minotaur Air Elementalist on May 26, 2018.
             Slain by a gnoll
             ... wielding a +0 halberd
              (10 damage)
             ... on level 2 of the Dungeon.
             The game lasted 00:02:03 (2361 turns).

inmateoo the Skirmisher (Minotaur Air Elementalist) Turns: 2361, Time: 00:02:04

Health: 0/30       AC:  2    Str: 13    XL:     3   Next: 46%
Magic:  4/4        EV:  7    Int: 12    God:
Gold:   133        SH: 11    Dex: 10    Spells: 3/4 levels left

rFire    . . .     SeeInvis .     - Unarmed
rCold    . . .     Gourm    .   g - +1 large shield
rNeg     . . .     Faith    .   a - +0 robe
rPois    .         Spirit   .   (helmet restricted)
rElec    .         Reflect  .   (no cloak)
rCorr    .         Harm     .   (no gloves)
MR       .....                  (no boots)
Stlth    ++........             (no amulet)
HPRegen  0.10/turn              (no ring)
MPRegen  0.09/turn              (no ring)

@: no status effects
A: retaliatory headbutt, horns 2
a: no special abilities


You were on level 2 of the Dungeon.
You were hungry.

You visited 1 branch of the dungeon, and saw 2 of its levels.

You collected 133 gold pieces.

Inventory:

Hand Weapons
 f - a +0 club
Armour
 a - a +0 robe (worn)
 g - a +1 large shield (worn)
Scrolls
 b - a scroll of identify
 i - a scroll of fear {unknown}
 j - a scroll of enchant armour
Potions
 d - a potion of haste {unknown}
 e - a potion of curing
 h - 2 potions of heal wounds {unknown}
Comestibles
 c - a ration


   Skills:
 * Level 2.9 Fighting
 - Level 2.1 Dodging
 - Level 1.5 Stealth
 - Level 2.0 Unarmed Combat
 - Level 1.3 Spellcasting
 - Level 0.6 Conjurations
 - Level 2.1 Air Magic


You had 3 spell levels left.
You knew the following spells:

 Your Spells              Type           Power        Failure   Level  Hunger
a - Shock                 Conj/Air       #...         99%         1    ##.....

Your spell library contained the following spells:

 Spells                   Type           Power        Failure   Level  Hunger
 Lightning Bolt           Conj/Air       #.........   100%        5    ######.
 Swiftness                Chrm/Air       #.......     100%        2    ###....
 Airstrike                Air            #.........   100%        4    #####..
 Static Discharge         Conj/Air       #.......     100%        3    ####...


Dungeon Overview and Level Annotations

Branches:
Dungeon (2/15)

Altars:


Innate Abilities, Weirdness & Mutations

You reflexively headbutt those who attack you in melee.
You have a pair of horns on your head.


Message History

You see here a falchion.
There is a stone staircase leading down here.
A gnoll comes into view. It is wielding a halberd.
A gnoll comes into view. It is wielding a spear.
The gnoll shouts! x2
The gnoll hits you from afar with a halberd!
There are monsters nearby!
There are monsters nearby!
You block the gnoll's attack.
You closely miss the gnoll. Your headbutt misses the gnoll.
A gnoll comes into view. It is wielding a halberd.
The gnoll barely misses you. The gnoll hits you with a halberd!
The gnoll hits you from afar with a spear.
* * * LOW HITPOINT WARNING * * *
You are too injured to fight recklessly!
You are too injured to fight recklessly!
Unknown command.
The gnoll shouts!
The gnoll hits you from afar with a halberd!
You die...

#.# #..# #.## ####### #.#
#....(# #.#
#.###.#######. #.# #.#
#......... #.#
..###.######..#########.#
#.....# #....$..>.)#.####
##..### ##.#.@..........#
....# #.#####.#.##.#
(#..# #..g.# #.#.##.#
....# ###g.# #.#.##.#
#.#.# #g.# .>..##.# #.#.#
...# ....##.# #.#.# #.##
#....##.# #.#.# #.#
##.####.# #...# #.# #.#


You could see 3 gnolls.

Vanquished Creatures
  A worm (D:2)
  3 leopard geckos
  4 giant cockroaches (D:2)
  6 goblins
  2 hobgoblins (D:1)
  6 jackals
  A quokka (D:2)
  2 bats (D:1)
  2 frilled lizards (D:1)
  3 kobolds
  8 rats
38 creatures vanquished.

Notes
Turn   | Place    | Note
-------+----------+-------------------------------------------
     0 | D:1      | inmateoo the Minotaur Air Elementalist began the quest for the Orb.
     0 | D:1      | Reached XP level 1. HP: 14/14 MP: 1/1
   125 | D:1      | Reached skill level 1 in Unarmed Combat
   136 | D:1      | Reached XP level 2. HP: 3/20 MP: 0/3
   779 | D:1      | Reached skill level 1 in Fighting
  1404 | D:2      | Reached XP level 3. HP: 27/29 MP: 4/4
  1963 | D:2      | Found a faded altar of an unknown god.
  2361 | D:2      | Slain by a gnoll

Vault maps used:
D:1:      dpeg_arrival_rooms_c, wad_floor_pattern_untrapped
D:2:      chequers_ecumenical_altar_simple

Skill      XL: |  1  2 |
---------------+-------+-----
Unarmed Combat | 1 2 |  2.0
Fighting       | 2 |  2.9
Dodging        | |  2.1
Stealth        | |  1.5
Spellcasting   | |  1.3
Conjurations   | |  0.6
Air Magic      | |  2.1

Action                   || total
-------------------------++-------
Melee: Unarmed           ||   148
       Headbutt          ||    14
 Cast: Shock             ||     1
  Use: Scroll            ||     7
 Stab: Sleeping          ||     2
  Eat: Chunk             ||     4
Armor: Robe              ||    26
Dodge: Dodged            ||    59
Block: Large shield      ||    56

Table legend:
 A = Spawn XP
 B = Non-spawn XP
 C = Spawn XP percentage of total XP
 D = Spawn monster count
 E = Non-spawn monster count
 F = Spawn count percentage of total count
 G = Total turns spent on level
                    A         B        C        D         E        F      G
               +---------+---------+-------+---------+---------+-------+---------
         Total |       0 |      67 |   0.0 |       0 |      38 |   0.0 |  2361
               +---------+---------+-------+---------+---------+-------+---------
           D:1 |       0 |      38 |   0.0 |       0 |      24 |   0.0 |  1378
           D:2 |       0 |      29 |   0.0 |       0 |      14 |   0.0 |   983
               +---------+---------+-------+---------+---------+-------+---------
